MLB
TEXAS RANGERS @ OAKLAND ATHLETICS
07/04/2098
 
TOP OF THE 1ST
Texas Rangers batting - Pitching for Oakland Athletics : RHP Carlos Rosas
Pitching: RHP Carlos Rosas
Batting: RHB Jason Hartel 0-0: Ground out 4-3 (Groundball, 4M, EV 87.5 MPH)
Batting: LHB Simeone DeVito 0-0: Ball
1-0: Called Strike
1-1: Ball
2-1: Ball
3-1: Called Strike
3-2: Ground out U3 (Groundball, 3, EV 83.8 MPH)
Batting: SHB Luis Chavez 0-0: Ball
1-0: Ball
2-0: Foul Ball, location: 7LMF
2-1: Fly out, F8 (Flyball, 78M, EV 96.3 MPH)
Top of the 1st over - 0 runs, 0 hits, 0 errors, 0 left on base; Texas 0 - Oakland 0
BOTTOM OF THE 1ST
Oakland Athletics batting - Pitching for Texas Rangers : RHP Bernie Gallegos
Pitching: RHP Bernie Gallegos
Batting: LHB Ryan Tipton 0-0: Called Strike
0-1: Ground out 3-1 (Groundball, 34, EV 75.6 MPH)
Batting: RHB Ben Celeste 0-0: Ball
1-0: Ball
2-0: Fly out, F7 (Flyball, 78D, EV 99.4 MPH)
Batting: LHB Pat Wilson 0-0: Foul Ball, location: 9LSF
0-1: Swinging Strike
0-2: Ball
1-2: Ball
2-2: Strikes out swinging, 2-3 out at first.
Bottom of the 1st over - 0 runs, 0 hits, 0 errors, 0 left on base; Texas 0 - Oakland 0
TOP OF THE 2ND
Texas Rangers batting - Pitching for Oakland Athletics : RHP Carlos Rosas
Batting: RHB Kevin Hock 0-0: Foul Ball, location: 9LDF
0-1: Foul Ball, location: 25F
0-2: Foul Ball, location: 9LDF
0-2: SINGLE (Line Drive, 9S, EV 98.1 MPH)
Batting: LHB Nick Gunnels 0-0: Called Strike
0-1: Fielders Choice at 2nd, 6-4 (Groundball, 6, EV 88.8 MPH)
Batting: RHB Brian Ruble 0-0: Ball
1-0: Ball
2-0: Foul Ball, location: 23F
2-1: Fly out, F7 (Flyball, 78M, EV 90.0 MPH)
Batting: LHB Scott Spencer 0-0: Called Strike
0-1: Foul Ball, location: 7LSF
0-2: Ball
1-2: Hit by Pitch
Nick Gunnels to second
Batting: RHB Ryan Adkins 0-0: Ball
1-0: Ball
2-0: Ground out 6-3 (Groundball, 56, EV 95.6 MPH)
Top of the 2nd over - 0 runs, 1 hit, 0 errors, 2 left on base; Texas 0 - Oakland 0
BOTTOM OF THE 2ND
Oakland Athletics batting - Pitching for Texas Rangers : RHP Bernie Gallegos
Batting: LHB Ivan Suarez 0-0: Ball
1-0: Ball
2-0: Ball
3-0: Base on Balls
Batting: RHB Randy Fowler 0-0: Ball
1-0: Fly out, F9 (Flyball, 89XD, EV 86.9 MPH)
Batting: RHB Joey George 0-0: Ball
1-0: Ball
Wild Pitch!
Ivan Suarez to second
2-0: Called Strike
2-1: Fielders Choice at 3rd, 6-5 (Groundball, 6, EV 110.6 MPH)
Batting: RHB Dallas Lentz 0-0: Ball
1-0: Ground out 6-3 (Groundball, 56D, EV 103.8 MPH)
Bottom of the 2nd over - 0 runs, 0 hits, 0 errors, 1 left on base; Texas 0 - Oakland 0
TOP OF THE 3RD
Texas Rangers batting - Pitching for Oakland Athletics : RHP Carlos Rosas
Batting: RHB Chris Daly 0-0: Ball
1-0: Foul Ball, location: 2F
1-1: Ground out 6-3 (Groundball, 6M, EV 85.0 MPH)
Batting: RHB Jason Hartel 0-0: Foul Ball, location: 2F
0-1: SINGLE (Groundball, 34D, EV 104.4 MPH)
Batting: LHB Simeone DeVito 0-0: Ball
1-0: Foul Ball, location: 2F
1-1: Ball
2-1: Fielders Choice at 2nd, 5-4 (Groundball, 56, EV 92.5 MPH)
Batting: SHB Luis Chavez 0-0: Ball
1-0: Called Strike
1-1: Called Strike
1-2: Strikes out swinging
Top of the 3rd over - 0 runs, 1 hit, 0 errors, 1 left on base; Texas 0 - Oakland 0
BOTTOM OF THE 3RD
Oakland Athletics batting - Pitching for Texas Rangers : RHP Bernie Gallegos
Batting: LHB Gene Del Vecchio 0-0: Ball
1-0: Ball
2-0: Fly out, F7 (Flyball, 7LM, EV 93.8 MPH)
Batting: RHB David Reichel 0-0: Ball
1-0: SINGLE (Groundball, 6D, EV 96.3 MPH)
Batting: LHB Ryan Tipton 0-0: Ball
1-0: SINGLE (Groundball, 34, EV 88.8 MPH) (infield hit)
David Reichel to second
Batting: RHB Ben Celeste 0-0: Ball
1-0: Called Strike
1-1: Ball
2-1: Called Strike
2-2: Ground out 6-3 (Groundball, 6MD, EV 100.0 MPH)
David Reichel to third
Ryan Tipton to second
Batting: LHB Pat Wilson 0-0: Foul Ball, location: 23FF
0-1: Ball
1-1: Swinging Strike
1-2: 3-RUN HOME RUN (Line Drive, 7D, EV 102.5 MPH), Distance : 389 ft
Batting: LHB Ivan Suarez 0-0: Ground out 4-3 (Groundball, 4, EV 87.5 MPH)
Bottom of the 3rd over - 3 runs, 3 hits, 0 errors, 0 left on base; Texas 0 - Oakland 3
TOP OF THE 4TH
Texas Rangers batting - Pitching for Oakland Athletics : RHP Carlos Rosas
Batting: RHB Kevin Hock 0-0: Ball
1-0: Ball
2-0: TRIPLE (Flyball, 78XD, EV 103.1 MPH)
Batting: LHB Nick Gunnels 0-0: Ball
1-0: Called Strike
1-1: Foul Ball, location: 2RF
1-2: Foul Ball, location: 5DF
1-2: Ground out 4-3 (Groundball, 4S, EV 81.9 MPH)
Kevin Hock scores
Batting: RHB Brian Ruble 0-0: Called Strike
0-1: Ground out 6-3 (Groundball, 6, EV 98.8 MPH)
Batting: LHB Scott Spencer 0-0: Ball
1-0: SINGLE (Groundball, 6MD, EV 107.5 MPH)
Batting: RHB Ryan Adkins 0-0: Fly out, F8 (Flyball, 8LD, EV 78.8 MPH)
Top of the 4th over - 1 run, 2 hits, 0 errors, 1 left on base; Texas 1 - Oakland 3
BOTTOM OF THE 4TH
Oakland Athletics batting - Pitching for Texas Rangers : RHP Bernie Gallegos
Batting: RHB Randy Fowler 0-0: Ground out 6-3 (Groundball, 6, EV 101.3 MPH)
Batting: RHB Joey George 0-0: Ball
1-0: Called Strike
1-1: Foul Ball, location: 2F
1-2: Strikes out swinging
Batting: RHB Dallas Lentz 0-0: Called Strike
0-1: Foul Ball, location: 25F
0-2: Ball
1-2: Fly out, F8 (Flyball, 8LD, EV 94.4 MPH)
Bottom of the 4th over - 0 runs, 0 hits, 0 errors, 0 left on base; Texas 1 - Oakland 3
TOP OF THE 5TH
Texas Rangers batting - Pitching for Oakland Athletics : RHP Carlos Rosas
Batting: RHB Chris Daly 0-0: Ball
1-0: Called Strike
1-1: Ground out 6-3 (Groundball, P, EV 83.1 MPH)
Batting: RHB Jason Hartel 0-0: Ball
1-0: Called Strike
1-1: Ball
2-1: Ball
3-1: Called Strike
3-2: Foul Ball, location: 23FF
3-2: SINGLE (Line Drive, 4D, EV 95.0 MPH)
Batting: LHB Simeone DeVito 0-0: Called Strike
0-1: Ball
1-1: Ball
2-1: Called Strike
2-2: Fly out, F7 (Line Drive, 78M, EV 89.4 MPH)
Batting: SHB Luis Chavez 0-0: Ball
Jason Hartel is caught stealing 2nd base 2-6
Top of the 5th over - 0 runs, 1 hit, 0 errors, 0 left on base; Texas 1 - Oakland 3
BOTTOM OF THE 5TH
Oakland Athletics batting - Pitching for Texas Rangers : RHP Bernie Gallegos
Batting: LHB Gene Del Vecchio 0-0: Ball
1-0: Called Strike
1-1: Fly out, F9 (Flyball, 89D, EV 96.9 MPH)
Batting: RHB David Reichel 0-0: Ball
1-0: Reached on error, E6 (Groundball, 56, EV 88.8 MPH)
Batting: LHB Ryan Tipton 0-0: Ball
1-0: Called Strike
1-1: Ball
2-1: Ball
3-1: Base on Balls
David Reichel to second
Batting: RHB Ben Celeste 0-0: Called Strike
0-1: Foul Ball, location: 5F
0-2: Foul Ball, location: 5FF
0-2: Ball
1-2: Ball
2-2: Strikes out swinging
Batting: LHB Pat Wilson 0-0: Called Strike
0-1: Ball
1-1: Fielders Choice at 2nd, U4 (Groundball, 4M, EV 104.4 MPH)
Bottom of the 5th over - 0 runs, 0 hits, 1 error, 2 left on base; Texas 1 - Oakland 3
TOP OF THE 6TH
Texas Rangers batting - Pitching for Oakland Athletics : RHP Carlos Rosas
Batting: SHB Luis Chavez 0-0: Foul Ball, location: 23F
0-1: Swinging Strike
0-2: Strikes out looking
Batting: RHB Kevin Hock 0-0: Foul Ball, location: 2F
0-1: Called Strike
0-2: Foul Ball, location: 2F
0-2: SINGLE (Groundball, 13S, EV 68.8 MPH) (infield hit)
Batting: LHB Nick Gunnels 0-0: Ball
1-0: Swinging Strike
1-1: Called Strike
1-2: Ball
2-2: Foul Ball, location: 2F
2-2: Ball
3-2: Fielders Choice at 2nd, 2-6 (Groundball, 13S, EV 65.6 MPH)
Batting: RHB Brian Ruble 0-0: Ball
1-0: Ball
2-0: Foul Ball, location: 2F
2-1: Foul Ball, location: 9LSF
2-2: Ball
3-2: Fly out, F8 (Flyball, 8LM, EV 93.8 MPH)
Top of the 6th over - 0 runs, 1 hit, 0 errors, 1 left on base; Texas 1 - Oakland 3
BOTTOM OF THE 6TH
Oakland Athletics batting - Pitching for Texas Rangers : RHP Bernie Gallegos
Batting: LHB Ivan Suarez 0-0: Ball
1-0: Ball
2-0: Ball
3-0: Base on Balls
Batting: RHB Randy Fowler 0-0: Called Strike
0-1: Called Strike
0-2: Ball
1-2: Fielders Choice at 2nd, 6-4 (Groundball, 6M, EV 104.4 MPH)
Batting: RHB Joey George 0-0: Grounds into double play, 5-4-3 (Groundball, 56, EV 85.6 MPH)
Bottom of the 6th over - 0 runs, 0 hits, 0 errors, 0 left on base; Texas 1 - Oakland 3
TOP OF THE 7TH
Texas Rangers batting - Pitching for Oakland Athletics : RHP Carlos Rosas
Batting: LHB Scott Spencer 0-0: Ball
1-0: Foul Ball, location: 7LDF
1-1: Ball
2-1: Foul Ball, location: 2F
2-2: Foul Ball, location: 9LDF
2-2: Foul Ball, location: 2F
2-2: Fly out, F3 (Popup, 3SF, EV 78.8 MPH)
Pitching: RHP Jim Watson
Batting: RHB Ryan Adkins 0-0: Ball
1-0: DOUBLE (Flyball, 89D, EV 95.0 MPH)
Batting: RHB Chris Daly 0-0: Called Strike
0-1: Ground out 6-3 (Groundball, 6, EV 104.4 MPH)
Ryan Adkins to third
Batting: RHB Jason Hartel 0-0: Ball
1-0: Ball
2-0: Called Strike
2-1: Foul Ball, location: 2F
2-2: Ball
3-2: Strikes out swinging
Top of the 7th over - 0 runs, 1 hit, 0 errors, 1 left on base; Texas 1 - Oakland 3
BOTTOM OF THE 7TH
Oakland Athletics batting - Pitching for Texas Rangers : RHP Bernie Gallegos
Pitching: RHP Victor Luna
Pinch Hitting: LHB Kyle O'Connor 0-0: Ball
1-0: Ball
2-0: Called Strike
2-1: Ball
3-1: Called Strike
3-2: Strikes out looking
Batting: LHB Gene Del Vecchio 0-0: SINGLE (Flyball, 6MD, EV 86.9 MPH)
Batting: RHB David Reichel 0-0: Fly out, F7 (Flyball, 7LS, EV 73.1 MPH)
Batting: LHB Ryan Tipton 0-0: Called Strike
0-1: Ball
1-1: Ball
2-1: Called Strike
2-2: Ball
3-2: SINGLE (Line Drive, 78S, EV 105.0 MPH)
Gene Del Vecchio to second
Gene Del Vecchio to third
Batting: RHB Ben Celeste 0-0: Called Strike
0-1: Ball
1-1: Ball
2-1: SINGLE (Line Drive, 6MD, EV 95.0 MPH)
Gene Del Vecchio scores
Ryan Tipton to second
Batting: LHB Pat Wilson 0-0: Ball
1-0: Swinging Strike
1-1: Ball
2-1: Called Strike
2-2: Foul Ball, location: 3FF
2-2: Strikes out swinging
Bottom of the 7th over - 1 run, 3 hits, 0 errors, 2 left on base; Texas 1 - Oakland 4
TOP OF THE 8TH
Texas Rangers batting - Pitching for Oakland Athletics : RHP Jim Watson
Now at 3B: Tom Karr
Batting: LHB Simeone DeVito 0-0: Ball
1-0: Ball
2-0: Foul Ball, location: 7LDF
2-1: Called Strike
2-2: Foul Ball, location: 7LMF
2-2: Fly out, F8 (Flyball, 78M, EV 93.1 MPH)
Batting: SHB Luis Chavez 0-0: Swinging Strike
0-1: Called Strike
0-2: Ball
1-2: Ball
2-2: SINGLE (Groundball, 4S, EV 63.1 MPH) (infield hit)
Batting: RHB Kevin Hock 0-0: Ball
1-0: Ball
2-0: Called Strike
2-1: Called Strike
2-2: Reached on error, E1 (Groundball, 15S, EV 68.8 MPH)
Luis Chavez to second
Pitching: LHP Justin Thomas
Batting: LHB Nick Gunnels 0-0: Ball
1-0: Swinging Strike
1-1: Foul Ball, location: 3F
1-2: Ball
2-2: Strikes out looking
Batting: RHB Brian Ruble 0-0: Ball
1-0: Ball
2-0: Ball
3-0: Base on Balls
Luis Chavez to third
Kevin Hock to second
Pinch Hitting: RHB Chris Patrick 0-0: Called Strike
0-1: Called Strike
0-2: Ball
1-2: Strikes out swinging
Top of the 8th over - 0 runs, 1 hit, 1 error, 3 left on base; Texas 1 - Oakland 4
BOTTOM OF THE 8TH
Oakland Athletics batting - Pitching for Texas Rangers : RHP Victor Luna
Pitching: LHP Ryan Zeiher
Now at SS: Josh Mehl
Batting: LHB Ivan Suarez 0-0: Fly out, F9 (Flyball, 9D, EV 93.8 MPH)
Batting: RHB Randy Fowler 0-0: Called Strike
0-1: Ball
1-1: Swinging Strike
1-2: Ball
2-2: Ball
3-2: Base on Balls
Batting: RHB Joey George 0-0: Fielders Choice at 2nd, 5-4 (Groundball, 56, EV 83.1 MPH)
Batting: RHB Tom Karr 0-0: Fly out, F9 (Flyball, 9S, EV 88.1 MPH)
Bottom of the 8th over - 0 runs, 0 hits, 0 errors, 1 left on base; Texas 1 - Oakland 4
TOP OF THE 9TH
Texas Rangers batting - Pitching for Oakland Athletics : LHP Justin Thomas
Pitching: RHP Freddy Hernandez
Now at 1B: Mario Marquez
Batting: RHB Ryan Adkins 0-0: TRIPLE (Groundball, 3L, EV 104.4 MPH)
Pinch Hitting: LHB Tyler Petry 0-0: Ball
1-0: Foul Ball, location: 5DF
1-1: Fly out, F9 (Flyball, 9LM, EV 106.3 MPH)
Runner from 3rd tags up, SCORES, no throw by RF
Batting: RHB Jason Hartel 0-0: SINGLE (Groundball, 3D, EV 100.6 MPH)
Batting: LHB Simeone DeVito 0-0: Ball
1-0: Swinging Strike
1-1: Called Strike
1-2: Strikes out swinging
Batting: SHB Luis Chavez 0-0: Called Strike
0-1: Ball
1-1: SINGLE (Groundball, 34S, EV 76.9 MPH) (infield hit)
Jason Hartel to second
Batting: RHB Kevin Hock 0-0: Called Strike
0-1: Fielders Choice at 3rd, U5 (Groundball, 5, EV 98.8 MPH)
Top of the 9th over - 1 run, 3 hits, 0 errors, 1 left on base; Texas 2 - Oakland 4
Monday, April 8th , 2024 - OOTP Baseball 24.11 Build 85